Workbook

Sheet Chart of Accounts
A1: Date | B1: Amount ($) | C1: Description | D1: Category in my Chart of Accounts | F1: Items In Chart of Accounts
A2: 43862 | B2: -89.95 | C2: 7 DAY AMCAL | D2: 1-8 Chemist Expense - prescription | F2: Income
A3: 43863 | B3: -17 | C3: BWS | D3: 1-5 Leisure Expense - Alcohol | F3: =D11 -> 1-1 Income - Salary and Wages
A4: 43864 | B4: -38.2 | C4: OPTUS BILLING | D4: 2-3 Phone Expense - mobile | F4: =D14 -> 1-2 Income - Benefits
A5: 43864 | B5: -56.3 | C5: BP ELANORA | D5: 1-4 Living Expense - (Food, fuel, etc.) | F5: =D19 -> 1-2 Income - Benefits/Gift
A6: 43865 | B6: -17.99 | C6: Spotify | D6: 1-7 Entertainment Expense - Spotify | F6: Expenses
A7: 43866 | B7: -91.86 | C7: WOOLWORTHS | D7: 1-4 Living Expense - (Food, fuel, etc.) | F7: =D12 -> 1-1 Rent Expense
A8: 43866 | B8: -40 | C8: OPTUS BILLING | D8: 2-3 Phone Expense - Mobile | F8: =D10 -> 1-2 Kindy Expense
A9: 43867 | B9: -103.64 | C9: 7 DAY AMCAL | D9: 1-8 Chemist Expense - prescription | F9: =D21 -> 1-3 Home Expense - Water and Electricity
A10: 43868 | B10: -77 | C10: LOLLIPOP LANE | D10: 1-2 Kindy Expense | F10: =D18 -> 1-4 Living Expense - (Food, fuel, etc.)
A11: 43868 | B11: 4770.1 | C11: Salary | D11: 1-1 Income - Salary and Wages | F11: =D20 -> 1-5 Leisure Expense - Training
A12: 43868 | B12: -1200 | C12: Rent | D12: 1-1 Rent Expense | F12: =D6 -> 1-7 Entertainment Expense - Spotify
A13: 43868 | B13: 525.76 | C13: Salary | D13: 1-1 Income - Salary and Wages | F13: =D9 -> 1-8 Chemist Expense - prescription
A14: 43868 | B14: 158.34 | C14: AUS GOV FAMILIES | D14: 1-2 Income - Benefits | F14: =D36 -> 2-1 Clothing Expense - Clothes
A15: 43869 | B15: -58.5 | C15: CALTEX ELANORA | D15: 1-4 Living Expense - (Food, fuel, etc.) | F15: =D23 -> 2-2 Living Expense - Cars
A16: 43870 | B16: -15.34 | C16: GC FRESH MEAT CENTRE | D16: 1-4 Living Expense - (Food, fuel, etc.) | F16: =D57 -> 2-3 Phone Expense - Internet
A17: 43870 | B17: -13.99 | C17: NETFLIX | D17: 1-7 Entertainment Expense - Netflix
A18: 43871 | B18: -50.62 | C18: COLES EXPRESS | D18: 1-4 Living Expense - (Food, fuel, etc.)
A19: 43871 | B19: 85 | C19: AMY BARTON | D19: 1-2 Income - Benefits/Gift
A20: 43871 | B20: -91.95 | C20: PAYSMART Training | D20: 1-5 Leisure Expense - Training
A21: 43871 | B21: -200 | C21: Water and electricity | D21: 1-3 Home Expense - Water and Electricity
A22: 43871 | B22: -1000 | C22: Food | D22: 1-4 Living Expense - (Food, fuel, etc.)
A23: 43871 | B23: -300 | C23: Cars | D23: 2-2 Living Expense - Cars
A24: 43871 | B24: -6.99 | C24: AMZNPRIMEAU MEMBERSHIP | D24: 1-7 Entertainment Expense - Amazon
A25: 43871 | B25: -210.72 | C25: COLES | D25: 1-4 Living Expense - (Food, fuel, etc.)
A26: 43872 | B26: -40 | C26: KMART | D26: 2-1 Clothing Expense - Clothes
A27: 43872 | B27: -58.99 | C27: CELLARBRATIONS | D27: 1-5 Leisure Expense - Alcohol
A28: 43872 | B28: -15.15 | C28: THE PINES SUPERSTORE | D28: 1-4 Living Expense - (Food, fuel, etc.)
... A62: 43890 | B62: -39 | C62: Busy Barber | D62: 1-5 Leisure Expense - Hair cuts

Sheet Income Statement
A1: Daniella Davenport
A2: Income Statement
A3: For Month Ending February 2020
D4: ($)
A5: Income
A6: Salary Income | D6: ='Chart of Accounts'!B11+'Chart of Accounts'!B13+'Chart of Accounts'!B50 -> 5821.62
A7: Benefits Income | D7: ='Chart of Accounts'!B14+'Chart of Accounts'!B19+'Chart of Accounts'!B43+'Chart of Accounts'!B44+'Chart of Accounts'!B51+'Chart of Accounts'!B52 -> 596.68
A8: TOTAL INCOME | D8: =SUM(D6:E7) -> 6418.3
A9: Expenses
A10: Living (Food, Fuel, etc) | D10: ='Chart of Accounts'!B5+'Chart of Accounts'!B7+'Chart of Accounts'!B15+'Chart of Accounts'!B16+'Chart of Accounts'!B18+'Chart of Accounts'!B22+'Chart of Accounts'!B25+'Chart of Accounts'!B28+'Chart of Accounts'!B29+'Chart of Accounts'!B30+'Chart of Accounts'!B39+'Chart of Accounts'!B40+'Chart of Accounts'!B49+'Chart of Accounts'!B55+'Chart of Accounts'!B56+'Chart of Accounts'!B59 -> -2124.3
A11: Chemist | D11: ='Chart of Accounts'!B41+'Chart of Accounts'!B9+'Chart of Accounts'!B2 -> -211.58
A12: Water | D12: ='Chart of Accounts'!B61+'Chart of Accounts'!B21 -> -440.14
A13: Study | D13: ='Chart of Accounts'!B45+'Chart of Accounts'!B54+'Chart of Accounts'!B58 -> -167.75
A14: Leisure | D14: ='Chart of Accounts'!B62+'Chart of Accounts'!B53+'Chart of Accounts'!B48+'Chart of Accounts'!B47+'Chart of Accounts'!B42+'Chart of Accounts'!B38+'Chart of Accounts'!B35+'Chart of Accounts'!B34+'Chart of Accounts'!B33+'Chart of Accounts'!B31+'Chart of Accounts'!B27+'Chart of Accounts'!B20+'Chart of Accounts'!B3 -> -475.04
A15: Kindy | D15: ='Chart of Accounts'!B10+'Chart of Accounts'!B32+'Chart of Accounts'!B46+'Chart of Accounts'!B60 -> -308
A16: Rent | D16: ='Chart of Accounts'!B12 -> -1200
A17: Phone | D17: ='Chart of Accounts'!B4+'Chart of Accounts'!B8+'Chart of Accounts'!B57 -> -177.2
A18: Entertainment | D18: ='Chart of Accounts'!B24+'Chart of Accounts'!B17+'Chart of Accounts'!B6 -> -38.97
A19: Clothing | D19: ='Chart of Accounts'!B37+'Chart of Accounts'!B36+'Chart of Accounts'!B26 -> -95.75
A20: TOTAL EXPENSE | D20: =SUM(D10:E19) -> -5238.73
A22: Profit/Loss for period | D22: =D8+D20 -> 1179.57
